 Dungeon Crawl Stone Soup version 0.17.0-1-g61d176b (webtiles) character file.

7605 st0uf the Arsonist (level 10, -8/85 (86) HPs)
             Began as a Black Draconian Fire Elementalist on Nov 7, 2015.
             Was a Believer of Vehumet.
             Mangled by a seven-headed hydra (13 damage)
             ... on level 1 of the Lair of Beasts.
             The game lasted 01:41:46 (13993 turns).

st0uf the Arsonist (DrFE)                          Turns: 13993, Time: 01:41:46

HP:   -8/85 (86)    AC: 10    Str: 10    XL:     10   Next: 98%
MP:   0/19          EV: 16    Int: 18    God:    Vehumet [**....]
Gold: 417           SH:  6    Dex: 13    Spells: 6 memorised, 5 levels left

rFire  + . .     SeeInvis +     (no weapon)
rCold  . . .     Clarity  .     (armour unavailable)
rNeg   . . .     SustAt   .     X - +1 buckler {reflect}
rPois  +         Gourm    .     (helmet restricted)
rElec  +         Spirit   +     l - +0 cloak
rCorr  .         Warding  .     t - +0 pair of gloves
rMut   .         Stasis   .     V - +0 pair of boots
MR     .....                    s - amulet of guardian spirit
Stlth  ++........               (no ring)
                                y - ring of poison resistance

@: not resistant to hostile enchantments, unstealthy
A: breathe lightning, unfitting armour, horns 1, see invisible, fire resistance
1, electricity resistance, cold-blooded, subdued magic 1, AC +7
a: Breathe Lightning, Renounce Religion


You were on level 1 of the Lair of Beasts.
You worshipped Vehumet.
Vehumet was pleased with you.
You were hungry.

You visited 2 branches of the dungeon, and saw 10 of its levels.

You collected 417 gold pieces.

Inventory:

Hand Weapons
 F - a +0 blowgun
Missiles
 j - 31 poisoned needles
 G - 59 arrows
 J - 8 needles of paralysis
Armour
 l - a +0 cloak (worn)
 t - a +0 pair of gloves (worn)
 v - a +0 large shield
 V - a +0 pair of boots (worn)
 X - a +1 buckler of reflection (worn)
Jewellery
 d - an uncursed ring of ice
 k - an uncursed ring of ice
 s - an amulet of guardian spirit (around neck)
 y - a ring of poison resistance (left hand)
Wands
 M - a wand of slowing (12)
 T - a wand of draining (8)
 U - a wand of confusion (24)
Scrolls
 c - 10 scrolls of remove curse
 f - 5 scrolls of blinking {unknown}
 g - a scroll of enchant weapon {unknown}
 h - a scroll of noise {unknown}
 i - 2 scrolls of amnesia
 o - 5 scrolls of identify {unknown}
 p - 2 scrolls of random uselessness {unknown}
 w - 3 scrolls of teleportation
 D - a scroll of silence {unknown}
 E - 2 scrolls of recharging {unknown}
 I - a scroll of holy word {unknown}
 K - a scroll of fog {unknown}
 O - a scroll of immolation {unknown}
 S - a scroll of enchant armour {unknown}
 W - a scroll of brand weapon {unknown}
Potions
 e - a potion of cure mutation {unknown}
 m - 2 potions of agility {unknown}
 n - 3 potions of heal wounds {unknown}
 q - a potion of lignification {unknown}
 u - a potion of berserk rage {unknown}
 x - a potion of might
 z - 2 potions of degeneration {unknown}
 A - 5 potions of curing
 B - a potion of cancellation {unknown}
 C - 2 potions of haste {unknown}
 H - a potion of resistance {unknown}
 L - 2 potions of poison {unknown}
Books
 a - a book of Flames

   Spells                             Type                      Level
   a - Flame Tongue                   Conjuration/Fire             1
   b - Throw Flame                    Conjuration/Fire             2
   c - Conjure Flame                  Conjuration/Fire             3
   d - Inner Flame                    Hexes/Fire                   3
   e - Sticky Flame                   Conjuration/Fire             4
   f - Fireball                       Conjuration/Fire             5
 N - a book of Enchantments

   Spells                             Type                      Level
   a - Cause Fear                     Hexes                        4
   b - Silence                        Hexes/Air                    5
   c - Deflect Missiles               Charms/Air                   6
   d - Haste                          Charms                       6
   e - Discord                        Hexes                        8
 P - a Fen Folio

   Spells                             Type                      Level
   a - Corpse Rot                     Necromancy                   2
   b - Stone Arrow                    Conjuration/Earth            3
   c - Leda's Liquefaction            Hexes/Earth                  4
   d - Summon Forest                  Summoning/Translocation      5
   e - Hydra Form                     Transmutation                6
   f - Summon Hydra                   Summoning                    7
 Z - a Grand Grimoire

   Spells                             Type                      Level
   a - Monstrous Menagerie            Summoning                    6
   b - Summon Greater Demon           Summoning                    7
   c - Malign Gateway                 Summoning/Translocation      7
   d - Summon Horrible Things         Summoning                    8
Comestibles
 b - 4 bread rations
 r - a meat ration
 Q - 2 fruits
 R - 10 royal jellies
 Y - a slice of pizza


   Skills:
 + Level 7.2 Fighting
 + Level 8.2 Dodging
 - Level 1.7 Stealth
 + Level 5.4 Shields
 + Level 6.3 Spellcasting
 - Level 5.0 Conjurations
 + Level 8.8 Fire Magic


You had 5 spell levels left.
You knew the following spells:

 Your Spells              Type           Power        Failure   Level  Hunger
a - Flame Tongue          Conj/Fire      ###..        1%          1    None
b - Conjure Flame         Conj/Fire      ###.....     1%          3    ##.....
c - Freeze                Ice            #...         5%          1    None
d - Sticky Flame          Conj/Fire      ###.....     3%          4    ####...
e - Searing Ray           Conj           ###...       1%          2    None
f - Fireball              Conj/Fire      ###.......   11%         5    #####..


Dungeon Overview and Level Annotations

Branches:
Dungeon (9/15)             Temple (0/1) D:6            Lair (1/8) D:9
    Orc: D:9-12

Altars:
Ashenzari
Cheibriados
Dithmenos
Elyvilon
Fedhas
Makhleb
Qazlal
Ru
Trog
Vehumet
Yredelemnul
The Shining One

Shops:
D:6 (   D:9 =


Innate Abilities, Weirdness & Mutations

You can breathe wild blasts of lightning.
Your glossy black scales are hard (AC +7).
Your body does not fit into most forms of armour.
You are resistant to electric shocks.
You are cold-blooded and may be slowed by cold attacks.
You have a pair of small horns on your head.
You have supernaturally acute eyesight.
Your flesh is heat resistant.
Your spells are a little easier to cast, but a little less powerful.


Message History

The seven-headed hydra is engulfed in roaring flames.
The seven-headed hydra barely misses you.
The seven-headed hydra bites you!
You block the seven-headed hydra's attack.
The seven-headed hydra bites you but does no damage.
You block the seven-headed hydra's attack.
The seven-headed hydra bites you.
* * * LOW HITPOINT WARNING * * *
The seven-headed hydra bites you.
* * * LOW HITPOINT WARNING * * *
The seven-headed hydra is engulfed in roaring flames.
The seven-headed hydra bites you.
* * * LOW HITPOINT WARNING * * *
The seven-headed hydra bites you but does no damage.
The seven-headed hydra bites you.
* * * LOW HITPOINT WARNING * * *
The seven-headed hydra bites you!
* * * LOW HITPOINT WARNING * * *
The seven-headed hydra bites you!
You die...

..# #...#...... #.... ..#
#...#...... #..... #.#
#D..P...... #....# #.#
#รท.......$. #....# #.#
#...#...... #....# #.##
#...#...... #....## ###
#.P# #...#.....
#.....###.###.######...#
....
#............@D........##
#....##########............
#....P# ##............
#....## #....##.###.#
#....# #....# ... . #....##
#.......... #.....#
#....+...... #.....#
.....#...... ##....##
#....# ..


You could see a seven-headed hydra.

Vanquished Creatures
  The ghost of imganon the Cleaver, a novice DsBe of Trog (D:7)
  Pikel (D:7)
  Maurice (D:9)
  A komodo dragon (Lair:1)
  A spiny frog (Lair:1)
  Eustachio (D:5)
  Menkaure (D:5)
  The ghost of McCoppin the Sneak, an amateur OpBe of Trog (D:3)
  A hippogriff (D:7)
  2 porcupines (Lair:1)
  A water moccasin (D:9)
  3 orc warriors
  A black bear (D:6)
  2 centaurs (D:7)
  4 phantoms
  7 necrophages
  4 sky beasts
  5 ice beasts
  3 ogres
  A big kobold (D:7)
  5 giant frogs
  5 scorpions
  3 crimson imps
  11 wights
  2 giant frog skeletons
  3 hounds
  5 orc priests
  4 jellies
  4 orc wizards
  Terence (D:1)
  3 iguanas
  11 worker ants
  A killer bee zombie (D:8)
  A hound zombie (D:8)
  2 hound skeletons
  A worker ant zombie (D:6)
  Robin (D:2)
  11 adders
  A gnoll (D:1)
  7 oozes
  2 adder skeletons (D:8)
  4 worms (D:2)
  5 giant geckos
  20 orcs
  7 giant cockroaches
  16 goblins
  8 hobgoblins
  7 jackals
  4 bats
  A giant gecko zombie (D:6)
  4 giant newts
  A jackal skeleton (D:7)
  14 kobolds
  A quokka skeleton (D:6)
  A quokka zombie (D:9)
  16 rats
  A fungus (D:9)
236 creatures vanquished.

Notes
Turn   | Place    | Note
--------------------------------------------------------------
     0 | D:1      | st0uf the Draconian Fire Elementalist began the quest for the Orb.
     0 | D:1      | Reached XP level 1. HP: 14/14 MP: 3/3
   564 | D:1      | Reached XP level 2. HP: 20/20 MP: 1/5
  1168 | D:2      | Noticed Terence
  1214 | D:1      | Killed Terence
  1214 | D:1      | Reached XP level 3. HP: 13/26 MP: 0/6
  1735 | D:2      | Reached XP level 4. HP: 33/33 MP: 0/7
  1984 | D:2      | HP: 1/33 [poisoned by an adder]
  2798 | D:3      | Learned a level 3 spell: Conjure Flame
  2824 | D:3      | Noticed McCoppin's ghost (amateur OpBe)
  3440 | D:3      | Killed McCoppin's ghost
  3440 | D:3      | Reached skill level 4 in Fire Magic
  3440 | D:3      | Reached XP level 5. HP: 28/38 MP: 1/9
  3684 | D:3      | Noticed Robin
  3750 | D:2      | Killed Robin
  3921 | D:3      | Reached XP level 6. HP: 27/45 MP: 0/10
  4927 | D:3      | Found a sacrificial altar of Ru.
  5126 | D:4      | Found a radiant altar of Vehumet.
  5137 | D:4      | Became a worshipper of Vehumet
  5324 | D:4      | Your scales start taking on a glossy black colour.
  5324 | D:4      | Gained mutation: You are resistant to electric shocks. [Black Draconian growth]
  5324 | D:4      | Reached XP level 7. HP: 46/50 MP: 3/12
  5611 | D:4      | Found a blossoming altar of Fedhas.
  5743 | D:4      | Reached skill level 5 in Fire Magic
  5768 | D:5      | Entered Level 5 of the Dungeon
  5797 | D:5      | Noticed Menkaure
  5803 | D:5      | Killed Menkaure
  6060 | D:5      | Noticed Eustachio
  6079 | D:5      | HP: 2/50 [white imp[Eustachio] (4)]
  6799 | D:5      | Killed Eustachio
  6799 | D:5      | Reached XP level 8. HP: 50/57 MP: 3/14
  6925 | D:5      | Reached skill level 5 in Conjurations
  7196 | D:5      | Reached skill level 5 in Dodging
  7301 | D:6      | Reached skill level 6 in Fire Magic
  7359 | D:6      | Reached skill level 5 in Spellcasting
  7513 | D:6      | Found Tereabol's Antique Weapon Shop.
  7620 | D:6      | Found a staircase to the Ecumenical Temple.
  7649 | D:6      | Reached skill level 1 in Fighting
  7649 | D:6      | Reached skill level 1 in Shields
  7913 | D:6      | Reached * piety under Vehumet
  7913 | D:6      | Offered knowledge of Freeze by Vehumet.
  7919 | D:6      | Learned a level 1 spell: Freeze
  7996 | D:6      | Found a shattered altar of Ashenzari.
  8123 | D:6      | Reached XP level 9. HP: 68/68 MP: 7/16
  8530 | D:6      | Found a glowing golden altar of the Shining One.
  8589 | D:7      | Noticed imganon's ghost (novice DsBe)
  9117 | D:6      | Learned a level 4 spell: Sticky Flame
  9599 | D:7      | Reached skill level 7 in Fire Magic
 10163 | D:7      | Killed imganon's ghost
 10283 | D:7      | Reached skill level 5 in Fighting
 10515 | D:7      | Noticed Pikel
 10582 | D:7      | Killed Pikel
 10582 | D:7      | Reached XP level 10. HP: 58/81 MP: 0/17
 11074 | D:7      | Reached ** piety under Vehumet
 11161 | D:8      | Offered knowledge of Searing Ray by Vehumet.
 11171 | D:7      | Reached skill level 5 in Shields
 11171 | D:7      | Reached skill level 8 in Fire Magic
 11234 | D:8      | Learned a level 2 spell: Searing Ray
 11931 | D:8      | Found a bloodstained altar of Trog.
 12176 | D:8      | Found a burning altar of Makhleb.
 12448 | D:9      | Noticed Maurice
 12458 | D:9      | Killed Maurice
 12527 | D:9      | Offered knowledge of Static Discharge by Vehumet.
 12533 | D:9      | Gained mutation: You have a pair of small horns on your head. [mutagenic meat]
 12534 | D:9      | Gained mutation: Your flesh is heat resistant. [mutagenic meat]
 12535 | D:9      | Gained mutation: You have supernaturally acute eyesight. [mutagenic meat]
 12536 | D:9      | Gained mutation: Your spells are a little easier to cast, but a little less powerful. [mutagenic meat]
 12578 | D:9      | Found a white marble altar of Elyvilon.
 12846 | D:9      | Found a staircase to the Lair.
 12927 | D:9      | Found a stormy altar of Qazlal.
 12936 | D:9      | Found Daniligh's Jewellery Shoppe.
 13076 | D:9      | Found a basalt altar of Yredelemnul.
 13276 | D:9      | Reached *** piety under Vehumet
 13436 | D:9      | Found a snail-covered altar of Cheibriados.
 13436 | D:9      | Found a shadowy altar of Dithmenos.
 13621 | D:9      | Learned a level 5 spell: Fireball
 13622 | Lair:1   | Entered Level 1 of the Lair of Beasts
 13966 | Lair:1   | Noticed a seven-headed hydra
 13993 | Lair:1   | Mangled by a seven-headed hydra

Action                   |  1- 3 |  4- 6 |  7- 9 | 10-12 || total
-------------------------+-------+-------+-------+-------++-------
Melee: Unarmed           |     9 |    51 |    79 |    41 ||   180
 Cast: Flame Tongue      |    65 |   192 |   233 |   135 ||   625
       Conjure Flame     |       |     4 |    19 |    12 ||    35
       Sticky Flame      |       |       |    14 |    28 ||    42
       Freeze            |       |       |     3 |    19 ||    22
       Searing Ray       |       |       |       |     8 ||     8
       Fireball          |       |       |       |     2 ||     2
 Abil: Breathe Lightning |       |       |     2 |     1 ||     3
  Use: Scroll            |       |     3 |     2 |       ||     5
  Eat: Chunk             |     3 |     8 |     9 |    18 ||    38
       Bread ration      |       |     1 |       |       ||     1
       Pizza             |       |       |     4 |     1 ||     5
       Meat ration       |       |       |     1 |       ||     1
       Beef jerky        |       |       |       |     1 ||     1
